 Dungeon Crawl Stone Soup version 0.29.1-15-g9cfb28693d (webtiles) character file.

Game seed: 2715114320379177362

35 chaostorm the Shooter (level 3, -1/22 HPs)
             Began as a Tengu Hunter on Apr 9, 2023.
             Slain by a jackal (2 damage)
             ... on level 2 of the Dungeon.
             The game lasted 00:06:28 (1161 turns).

chaostorm the Shooter (Tengu Hunter)                Turns: 1161, Time: 00:06:29

Health: -1/22      AC:  3    Str: 11    XL:     3   Next: 35%
Magic:  4/4        EV: 13    Int:  9    God:
Gold:   54         SH:  0    Dex: 19    Spells: 2/2 levels left

rFire   . . .      SeeInvis .   a - +0 shortbow
rCold   . . .      Faith    .   (shield currently unavailable)
rNeg    . . .      Spirit   .   c - +0 leather armour
rPois   .          Reflect  .   (helmet restricted)
rElec   .          Harm     .   (no cloak)
rCorr   .          Rampage  .   (no gloves)
Will    .....                   (boots unavailable)
Stlth   ++........              (no amulet)
HPRegen 0.07/turn               (no ring)
MPRegen 0.09/turn               (no ring)

@: no status effects
A: beak, talons 3
a: no special abilities


You were on level 2 of the Dungeon.
You visited 1 branch of the dungeon, and saw 4 of its levels.

You collected 54 gold pieces.

Inventory:

Hand Weapons
 a - a +0 shortbow (weapon)
 i - a +4 whip
Armour
 c - a +0 leather armour (worn)
 g - a +0 buckler
Scrolls
 b - a scroll of immolation
 e - 4 scrolls of identify {unknown}
 h - a scroll of amnesia {unknown}
Potions
 d - a potion of mutation {unknown}
 f - 2 potions of curing {unknown}


   Skills:
 + Level 2.4 Fighting
 + Level 4.6 Ranged Weapons
 * Level 3.0 Dodging
 + Level 1.7 Stealth


You had 2 spell levels left.
You didn't know any spells.
Your spell library contained the following spells:

 Spells                   Type           Power      Damage    Failure   Level
 Shock                    Conj/Air       0%         1d3       47%         1
 Swiftness                Air            0%         N/A       85%         3
 Airstrike                Air            0%         2d(0-16)  99%         4


Dungeon Overview and Level Annotations

Branches:
Dungeon (4/15) Zot: 22818
 Temple: D:4-7

Altars:
Dithmenos


Innate Abilities, Weirdness & Mutations

You have a beak for a mouth.
You have claws for feet.


Message History

You climb upwards.
The jackal barks! x4
The jackal closely misses you.
The jackal bites you but does no damage.
There is a stone staircase leading down here.
Fire: a) +0 shortbow
Press: ? - help, Shift-Dir - straight line, f - jackal
Aim: a jackal (58% to hit)
You shoot an arrow. The arrow barely misses the jackal.
The jackal bites you but does no damage. x2
The kobold hits you with a +0 club.
* * * LOW HITPOINT WARNING * * *
The jackal bites you.
* * * LOW HITPOINT WARNING * * *
The jackal closely misses you.
Fire: a) +0 shortbow
Press: ? - help, Shift-Dir - straight line, f/p - jackal
Aim: a jackal (58% to hit)
You shoot an arrow. The arrow hits the jackal!
You kill the jackal!
The jackal bites you but does no damage.
The kobold completely misses you. The jackal bites you.
* * * LOW HITPOINT WARNING * * *
The kobold barely misses you.
Your Dodging skill increases to level 3!
You see here a jackal corpse.
The jackal misses you. The jackal attacks as you move away!
The jackal completely misses you. The jackal closely misses you.
The jackal attacks as you move away! The jackal misses you.
The jackal barely misses you. The jackal attacks as you move away!
The jackal completely misses you. The jackal attacks as you move away!
The jackal barely misses you. The jackal closely misses you.
The jackal bites you.
* * * LOW HITPOINT WARNING * * *
The jackal attacks as you move away!
The jackal bites you but does no damage.
The jackal attacks as you move away! The jackal bites you.
You die...

#####......K.hh.#...##
#########.#@.....#
#.#.#...## #.#.. .....
#..... #### #######


You could see 2 jackals and a kobold.

Vanquished Creatures
  2 dart slugs
  An orc (D:3)
  6 bats
  5 endoplasms
  2 hobgoblins (D:1)
  4 jackals (D:2)
  2 quokkas (D:4)
  2 ball pythons (D:1)
  A kobold (D:1)
  A rat (D:1)
26 creatures vanquished.

Notes
Turn   | Place    | Note
-------+----------+-------------------------------------------
     0 | D:1      | chaostorm the Tengu Hunter began the quest for the Orb.
     0 | D:1      | Reached XP level 1. HP: 12/12 MP: 2/2
   190 | D:1      | Reached XP level 2. HP: 17/17 MP: 3/3
   910 | D:2      | Reached XP level 3. HP: 22/22 MP: 4/4
  1016 | D:2      | You fall into a shaft and drop 2 floors!
  1032 | D:4      | Found a shadowy altar of Dithmenos.
  1159 | D:2      | HP: 1/22 [jackal (3)]
  1161 | D:2      | Slain by a jackal

Illustrated notes

Levels and vault maps discovered:
D:1:      ebering_trefoil_twist, layout_loops_ring
D:2:      layout_loops_corners, serial_shops, shop
D:3:      layout_loops_cross, tgw_trog, lexackson_kobold_supper
D:4:      layout_gridville, grunt_dithmenos_smoke_and_mirrors, tgw_sif,
          grunt_gozag_breadcrumbs, kennysheep_mini_moat, gup_sewer_entry_glass

Skill      XL: |  1  2  3 |
---------------+----------+-----
Dodging        | 3 |  3.0
Fighting       | |  2.4
Ranged Weapons | |  4.6
Stealth        | |  1.7

Action                   || total
-------------------------++-------
 Fire: Shortbow          ||    66
Armor: Leather armour    ||    15
Dodge: Dodged            ||    42
